 Dungeon Crawl Stone Soup version 0.27-a0-457-gba82baf56e (webtiles) character file.

Game seed: 2502506025157584840

70 Chiseanne the Covered (level 4, 32/34 HPs)
             Began as a Demonspawn Wanderer on Feb 28, 2021.
             Quit the game on level 3 of the Dungeon.
             The game lasted 00:02:01 (1971 turns).

Chiseanne the Covered (Demonspawn Wanderer)         Turns: 1971, Time: 00:02:01

Health: 32/34      AC:  6    Str: 14    XL:     4   Next: 4%
Magic:  4/4        EV: 15    Int: 12    God:
Gold:   72         SH:  0    Dex: 13    Spells: 3/3 levels left

rFire    . . .     SeeInvis .   g - +2 whip (venom)
rCold    . . .     Faith    +   (no shield)
rNeg     . . .     Spirit   .   c - +0 ring mail
rPois    .         Reflect  .   (helmet restricted)
rElec    .         Harm     .   p - +0 cloak
rCorr    .         Rampage  .   (no gloves)
Will     .....                  (no boots)
Stlth    +.........             s - amulet of faith
HPRegen  2.11/turn              n - +4 ring of evasion
MPRegen  0.09/turn              (no ring)

@: no status effects
A: antennae 1, powered by death 1
a: no special abilities


You were on level 3 of the Dungeon.
You visited 1 branch of the dungeon, and saw 3 of its levels.

You collected 72 gold pieces.

Inventory:

Hand Weapons
 a - a +2 dagger
 g - a +2 whip of venom (weapon)
Missiles
 b - 3 curare-tipped darts (quivered)
 e - 4 boomerangs
 h - 91 stones
 l - 18 bolts
 m - 2 throwing nets
 o - 30 arrows
Armour
 c - a +0 ring mail (worn)
 p - a +0 cloak (worn)
Jewellery
 n - a +4 ring of evasion (left hand)
 s - an amulet of faith (around neck)
Scrolls
 d - 2 scrolls of teleportation
 f - 3 scrolls of identify {unknown}
 j - 2 scrolls of amnesia {unknown}
 r - a scroll of immolation {unknown}
Potions
 i - 2 potions of might {unknown}
 k - a potion of curing {unknown}
 q - 2 potions of lignification {unknown}


   Skills:
 * Level 2.9 Fighting
 - Level 1.7 Bows
 - Level 1.0 Crossbows
 - Level 1.7 Throwing
 * Level 3.4 Armour
 * Level 1.7 Dodging


You had 3 spell levels left.
You didn't know any spells.
Your spell library was empty.

Dungeon Overview and Level Annotations

Branches:
Dungeon (3/15)

Altars:
Fedhas
Trog


Innate Abilities, Weirdness & Mutations

You have a pair of small antennae on your head.
You regenerate a little health from kills.


Message History

No target in view!
No target in view!
No target in view!
No target in view!
No target in view!
You see here a rat corpse.
A bat comes into view.
Found a scroll labelled RUSKAGG PIPS.
A leopard gecko comes into view.
The leopard gecko hisses angrily.
The bat closely misses you.
A kobold comes into view. It is wielding a +0 short sword.
A goblin comes into view.
The goblin shouts!
The bat closely misses you.
The kobold throws a stone.
The stone barely misses you.
You closely miss the bat. The bat hits you but does no damage.
The bat closely misses you. The bat barely misses you.
The leopard gecko bites you.
You barely miss the leopard gecko. The bat closely misses you.
The leopard gecko closely misses you.
You whack the leopard gecko!
You kill the leopard gecko!
The bat barely misses you. The kobold hits you but does no damage.
The goblin misses you.
You have reached level 4!
You feel stronger.
Your demonic ancestry asserts itself...
A pair of antennae grows on your head!
You barely miss the goblin. The bat hits you but does no damage.
The kobold hits you with a +0 short sword.
The goblin misses you.
You whack the goblin!
You kill the goblin!
The bat hits you but does no damage. The kobold closely misses you.
Are you sure you want to abandon this character and quit the game? (Confirm with "yes".)
Okay, then.
Unknown command.
Unknown command.
Unknown command.
Are you sure you want to abandon this character and quit the game? (Confirm with "yes".)

#....._.....##
.##......#
#.#.......#..#
.........+
#.#.......#..#
.........# #
##.....##..#
.........#
###.####..#
.........#
.....?...#
###......#
#####.....#
#......#
###.....###
#.######
........@..# #.
# .......†.K.#
# #
.........b.# #
##........... #
#............
#..............
.
#..............
.
#.........#####


You could see a bat and a kobold.

Vanquished Creatures
  An adder (D:2)
  An ooze (D:3)
  An adder zombie (D:3)
  3 dart slugs
  5 leopard geckos
  A ball python (D:1)
  6 bats
  5 giant cockroaches
  5 goblins
  3 hobgoblins
  4 kobolds
  2 frilled lizards
  4 rats
41 creatures vanquished.

Notes
Turn   | Place    | Note
-------+----------+-------------------------------------------
     0 | D:1      | Chiseanne the Demonspawn Wanderer began the quest for the
                  | Orb.
     0 | D:1      | Chiseanne set off with the following items: a +2 dagger, 3
                  | curare-tipped darts, a +0 ring mail, a scroll of
                  | teleportation
     0 | D:1      | Reached XP level 1. HP: 16/16 MP: 1/1
   245 | D:1      | Gained mutation: You regenerate a little health from kills.
                  | [demonic ancestry]
   245 | D:1      | Reached XP level 2. HP: 20/22 MP: 2/2
   360 | D:1      | Reached skill level 3 in Armour
   417 | D:1      | Reached skill level 1 in Dodging
   720 | D:1      | Reached XP level 3. HP: 28/28 MP: 3/3
  1757 | D:3      | Found a blossoming altar of Fedhas.
  1946 | D:3      | Found a bloodstained altar of Trog.
  1969 | D:3      | Gained mutation: You have a pair of small antennae on your
                  | head. [demonic ancestry]
  1969 | D:3      | Reached XP level 4. HP: 34/34 MP: 4/4
  1971 | D:3      | Quit the game

Illustrated notes

Levels and vault maps discovered:
D:1:      kennysheep_arrival_forest, layout_loops_ring
D:2:      layout_basic, hangedman_decor_peaks_small
D:3:      layout_basic, lemuel_crystal_altar, old_standard_altar, bloody_makhleb

Skill      XL: |  1  2 |
---------------+-------+-----
Armour         | 3 |  3.4
Dodging        | 1 |  1.7
Fighting       | |  2.9
Bows           | |  1.7
Crossbows      | |  1.0
Throwing       | |  1.7

Action                   |  1- 3 |  4- 6 || total
-------------------------+-------+-------++-------
Melee: Dagger            |    38 |       ||    38
       Whip              |    79 |     2 ||    81
Armor: Ring mail         |    54 |     2 ||    56
Dodge: Dodged            |    85 |     2 ||    87

Table legend: (Time is in decaauts)
 A = Elapsed time spent in this place.
 B = Non-inter-level travel time spent in this place.
 C = Inter-level travel time spent in this place.
 D = Time resting spent in this place.
 E = Time spent auto-exploring this place.
 F = Levels seen in this place.
 G = Mean time per level.
                   A        B        C        D        E       F      G
               +--------+--------+--------+--------+--------+-----+--------+
         Total |   1977 |   1908 |     69 |      0 |   1651 |   3 |  659.0 |
       Dungeon |   1977 |   1908 |     69 |      0 |   1651 |   3 |  659.0 |
               +--------+--------+--------+--------+--------+-----+--------+

Top non-repeatable levels by time:
     D:1: 951 daAuts
     D:2: 684 daAuts
     D:3: 341 daAuts
